 Dungeon Crawl Stone Soup version 0.30-a0-457-g4b7bca3bfa (webtiles) character file.

Game seed: 3253683849560573857

3796 p00ps00p the Cleaver (level 10, 0/91 HPs)
             Began as a Hill Orc Fighter on Dec 12, 2022.
             Was an Initiate of Gozag.
             Succumbed to Maurice's poison
             ... on level 8 of the Dungeon.
             The game lasted 00:18:16 (7475 turns).

p00ps00p the Cleaver (Hill Orc Fighter)             Turns: 7475, Time: 00:18:17

Health: 0/91       AC: 16    Str: 24    XL:     10   Next: 16%
Magic:  10/10      EV: 10    Int:  8    God:    Gozag
Gold:   690        SH:  0    Dex: 10    Spells: 9/9 levels left

rFire   . . .      SeeInvis .    a - +2 war axe (freeze)
rCold   + . .      Faith    .    c - +0 buckler
rNeg    + . .      Spirit   .    h - +5 ring mail {rN+}
rPois   .          Reflect  .    s - +0 helmet
rElec   .          Harm     .    u - +0 cloak
rCorr   .          Rampage  .    p - +0 pair of gloves
Will    .....                    (no boots)
Stlth   ..........               (no amulet)
HPRegen 0.35/turn                l - ring of protection from cold
MPRegen 0.12/turn                (no ring)

@: confused, lethally poisoned (0 -> -7)
A: no striking features
a: Renounce Religion, Potion Petition, Call Merchant, Bribe Branch


You were on level 8 of the Dungeon.
You worshipped Gozag.
Gozag was pleased with you.
You visited 2 branches of the dungeon, and saw 9 of its levels.

You collected 770 gold pieces.
You paid 80 gold pieces to Gozag.

Inventory:

Hand Weapons
 a - a +2 war axe of freezing (weapon)
Missiles
 i - 8 poisoned darts (quivered)
Armour
 c - a +0 buckler (worn)
 h - a +5 ring mail of positive energy (worn)
 p - a +0 pair of gloves (worn)
 s - a +0 helmet (worn)
 u - a +0 cloak (worn)
Jewellery
 l - a ring of protection from cold (left hand)
Wands
 g - a wand of roots (3)
 o - a wand of flame (22)
 q - a wand of polymorph (9)
Scrolls
 b - 2 scrolls of teleportation
 t - a scroll of identify
Potions
 e - a potion of brilliance {unknown}
 f - a potion of degeneration
 j - 3 potions of magic
 k - a potion of curing {unknown}
 m - a potion of mutation {unknown}
 r - 3 potions of attraction {unknown}


   Skills:
 + Level 9.3 Fighting
 + Level 9.8 Axes
 + Level 8.5 Armour
 + Level 8.5 Shields


You had 9 spell levels left.
You didn't know any spells.
Your spell library contained the following spells:

 Spells                   Type           Power      Damage    Failure   Level
 Summon Small Mammal      Summ           0%         N/A       61%         1
 Ensorcelled Hibernation  Hex/Ice        0%         N/A       75%         2
 Call Canine Familiar     Summ           0%         N/A       93%         3
 Portal Projectile        Hex/Tloc       0%         N/A       93%         3
 Summon Guardian Golem    Hex/Summ       0%         N/A       93%         3
 Leda's Liquefaction      Hex/Erth       0%         N/A       100%        4
 Haunt                    Necr/Summ      0%         N/A       100%        7
 Orb of Destruction       Conj           0%         9d5       100%        7
 Spellforged Servitor     Conj/Summ      0%         N/A       100%        7
 Dragon's Call            Summ           0%         N/A       100%        9


Dungeon Overview and Level Annotations

Branches:
Dungeon (8/15)             Temple (1/1) D:6            Lair (0/5) D:8

Altars:
Ashenzari
Cheibriados
Dithmenos
Elyvilon
Fedhas
Gozag
Hepliaklqana
Kikubaaqudgha
Makhleb
Nemelex Xobeh
Okawaru
Qazlal
Ru
Sif Muna
Trog
Uskayaw
Vehumet
Wu Jian
Xom
Yredelemnul
The Shining One

Annotations:
D:8 Erica, Maurice


Message History

Something hits you but does no damage.
You feel very sick. Something hits you. Something burns you.
You feel sick.
You hear some strange, mumbled words.
You are more confused.
You are too confused!
Something hits you! Something burns you.
You feel sick.
You feel sick. Something hits you. Something burns you. Something hits you.
Something steals 15 of your 23 poisoned darts!
You feel sick.
You hear some strange, mumbled words.
A lance of force appears from out of thin air!
The lance of force hits you!
* * * LOW HITPOINT WARNING * * *
You are knocked back by the lance of force.
You slam into the rock wall!
You hear a zap.
Your will is overpowered!
You are more confused.
You feel sick. Something hits you!
* * * LOW HITPOINT WARNING * * *
Something burns you.
* * * LOW HITPOINT WARNING * * *
You hear some strange, mumbled words.
You're too confused to move!
You feel sick. Something hits you but does no damage.
A poisoned dart appears from out of thin air!
The poisoned dart hits you!
You are lethally poisoned!
* * * LOW HITPOINT WARNING * * *
You feel very sick.
You hear some strange, mumbled words.
You are more confused.
* * * LOW HITPOINT WARNING * * *
You feel sick.
You hear some strange, mumbled words.
A bolt of poison appears from out of thin air!
The bolt of poison misses you.
You die...
Your body crumbles into a pile of gold.

#....####....≈~≈{..# #####.
## #.......#..~~≈≈≈~~.# ##
)# #.......#.~~~≈~~≈..# # .#
#.$.....'...≈~~....# . .#
#.......#..{..~....##....
.###.......#................
...#..##...#........#######.
.#.#####...#.###....#
.#....##...#.# #@...#
.####.##...#.# #.##.+ .#
#.##...#.# #.##.# .# #.# #.#
#....###### ## #.# #.#
#.#)........ .# #.# #.#
#.#.....#### .# #.# #.#
#...#.### .# #.#
#.###..#..## .# #.#
####.##..#....#


There were no monsters in sight!

Vanquished Creatures
  Psyche (D:8)
  A rime drake (D:7)
  A polar bear (D:7)
  A hornet (D:8)
  3 steam dragons
  A water moccasin (D:6)
  Duvessa (D:6)
  An orc warrior (D:7)
  A black bear (D:5)
  4 ice beasts
  3 wolves
  A centaur (D:8)
  3 ogres
  A phantom (D:4)
  A kobold brigand (D:7)
  2 bullfrogs
  4 scorpions
  Dowan (D:6)
  An electric eel (D:8)
  2 hounds (D:5)
  2 orc priests (D:7)
  An iguana (D:7)
  5 orc wizards
  14 gnolls
  4 adders
  A shadow imp (D:8)
  2 white imps (D:6)
  3 ufetubi
  3 dart slugs
  11 orcs
  6 ball pythons
  5 endoplasms
  A giant cockroach (D:1)
  6 goblins
  6 hobgoblins
  4 jackals (D:5)
  3 quokkas
  3 bats
  17 kobolds
  3 rats
134 creatures vanquished.

Vanquished Creatures (others)
  An orc wizard (D:7)
  6 fungi (D:6)
7 creatures vanquished.

Grand Total: 141 creatures vanquished

Notes
Turn   | Place    | Note
-------+----------+-------------------------------------------
     0 | D:1      | p00ps00p the Hill Orc Fighter began the quest for the Orb.
     0 | D:1      | Reached XP level 1. HP: 19/19 MP: 1/1
   172 | D:1      | Reached XP level 2. HP: 27/27 MP: 2/2
   451 | D:1      | Reached XP level 3. HP: 14/33 MP: 3/3
  1630 | D:2      | Reached XP level 4. HP: 40/40 MP: 4/4
  2193 | D:3      | Reached XP level 5. HP: 46/47 MP: 5/5
  2552 | D:4      | Noticed a phantom
  2561 | D:4      | Killed a phantom
  2562 | D:4      | Reached skill level 5 in Fighting
  2562 | D:4      | Reached XP level 6. HP: 47/56 MP: 6/6
  2767 | D:4      | Reached skill level 5 in Axes
  3039 | D:5      | Entered Level 5 of the Dungeon
  3049 | D:5      | Reached skill level 5 in Armour
  3049 | D:5      | Reached skill level 5 in Shields
  3049 | D:5      | Reached XP level 7. HP: 61/61 MP: 7/7
  3587 | D:5      | Got Ulinya's Codex of Helpful Hoarfrost
  3936 | D:6      | Reached XP level 8. HP: 60/71 MP: 8/8
  4041 | D:6      | Found a staircase to the Ecumenical Temple.
  4050 | Temple   | Entered the Ecumenical Temple
  4250 | Temple   | Became a worshipper of Gozag Ym Sagoz the Greedy
  4604 | D:6      | Noticed Dowan
  4605 | D:6      | Noticed Duvessa
  4619 | D:6      | Killed Duvessa
  4624 | D:6      | Killed Dowan
  4816 | D:6      | Found a shimmering altar of Xom.
  5533 | D:7      | Reached XP level 9. HP: 56/80 MP: 9/9
  6400 | D:8      | Noticed a polar bear
  6401 | D:8      | Noticed a rime drake
  6425 | D:7      | Killed a polar bear
  6506 | D:7      | Killed a rime drake
  6835 | D:8      | Found a staircase to the Lair.
  7027 | D:8      | Reached XP level 10. HP: 81/91 MP: 10/10
  7266 | D:8      | Noticed Psyche
  7274 | D:8      | Killed Psyche
  7433 | D:8      | Noticed Maurice
  7434 | D:8      | Noticed Erica
  7473 | D:8      | HP: 3/91 [poisoned by Maurice]
  7475 | D:8      | Succumbed to Maurice's poison

Illustrated notes

Levels and vault maps discovered:
D:1:      minmay_arrival_jagged, layout_basic, minmay_tromino_v4_b
D:2:      kennysheep_big_flooded_room, layout_basic
D:3:      layout_rooms
D:4:      layout_cave_pools
D:5:      layout_cave_pools
D:6:      kennysheep_steamy, layout_layer_cave, xom_butterflies,
          minmay_temple_entry_junction, uniq_duvessa
D:7:      layout_basic
D:8:      layout_basic, hellmonk_lair_entry_icy, nrook_mini_vaults,
          nicolae_wwwww, hangedman_abyss_or_decor_slice, uniq_maurice,
          uniq_psyche, uniq_erica
Temple:   nicolae_temple_slightly_damp_pantheon

Skill      XL: |  1  2  3  4  5  6  7  8  9 |
---------------+----------------------------+-----
Axes           | 3 4 5 6 7 9 |  9.8
Fighting       | 4 5 6 7 9 |  9.3
Armour         | 4 5 7 8 |  8.5
Shields        | 4 5 7 8 |  8.5

Action                   |  1- 3 |  4- 6 |  7- 9 | 10-12 || total
-------------------------+-------+-------+-------+-------++-------
Melee: War axe           |    80 |   100 |   212 |    25 ||   417
       Unarmed           |       |       |       |     3 ||     3
Evoke: Wand              |       |       |     4 |       ||     4
  Use: Scroll            |     3 |     6 |     8 |       ||    17
       Potion            |     1 |       |     3 |     4 ||     8
 Stab: Invisible         |       |       |     2 |       ||     2
Armor: Scale mail        |    31 |    48 |       |       ||    79
       Ring mail         |       |    34 |   167 |    19 ||   220
       Skin              |       |       |       |     1 ||     1
Dodge: Dodged            |    43 |    81 |   126 |    10 ||   260
Block: Buckler           |    22 |    40 |    59 |       ||   121

Table legend: (Time is in decaauts)
 A = Elapsed time spent in this place.
 B = Non-inter-level travel time spent in this place.
 C = Inter-level travel time spent in this place.
 D = Time resting spent in this place.
 E = Time spent auto-exploring this place.
 F = Levels seen in this place.
 G = Mean time per level.
                   A        B        C        D        E       F      G
               +--------+--------+--------+--------+--------+-----+--------+
         Total |   7585 |   7381 |    204 |   1132 |   4793 |   9 |  842.8 |
       Dungeon |   7365 |   7180 |    185 |   1132 |   4646 |   8 |  920.6 |
        Temple |    219 |    200 |     19 |      0 |    147 |   1 |  219.0 |
               +--------+--------+--------+--------+--------+-----+--------+

Top non-repeatable levels by time:
     D:7: 1530 daAuts
     D:6: 1345 daAuts
     D:1: 1120 daAuts
     D:2: 1001 daAuts
     D:5: 708 daAuts
     D:8: 683 daAuts
     D:4: 550 daAuts
     D:3: 426 daAuts
  Temple: 219 daAuts
